AoeStats
← darador86

Black Forest

507892565Analyzed
4v4 RM · 14d ago on Sep 20, 2026· 54m 21s· 8 players
Game mode
Random Map
Map size
Large (8 player)
Population
200
Speed
Normal
Resources
Standard
Victory
Conquest
Starting age
Dark Age
Ending age
Imperial Age
RankedLock teamsTeams togetherTeam positionsShared explorationLock speedFull tech treeHidden civsTurbo modeCheats
Victory
Defeat
🇦🇷 Huns · Argentina
672
+11
🇧🇷 Huns · Brazil
649
+12
🇧🇷 Huns · Brazil
637
+12
🇦🇷 Lithuanians · Argentina
585
+14
🇺🇸 Aztecs · United States
652
-15
🇵🇪 Britons · Peru
552
-12
🇵🇪 Dravidians · Peru
537
-12
🇵🇪 Persians · Peru
488
-10
GUSTAVO-nardes
0:34 Loom
23:23 Feudal Age
23:35 Man-at-Arms
36:13 Castle Age
36:49 Long Swordsman
50:58 Double-Bit Axe
Matheus wn8088
5:15 Loom
13:49 Feudal Age
38:49 Castle Age
41:00 Stone Mining
45:12 Husbandry
46:35 Thumb Ring
50:47 Double-Bit Axe
50:44 Horse Collar
54:38 Imperial Age
52:29 Bow Saw
52:14 Gold Mining
53:50 Fletching
54:01 Padded Archer Armor
54:30 Heavy Plow
darador86
11:52 Feudal Age
12:19 Horse Collar
12:29 Double-Bit Axe
12:27 Fishing Lines
22:39 Castle Age
21:38 Gold Mining
21:38 Stone Mining
23:49 Gillnets
24:19 Bow Saw
24:59 Town Watch
25:50 Wheelbarrow
26:29 Caravan
26:57 Town Patrol
30:56 Imperial Age
30:26 Ballistics
30:02 Murder Holes
30:17 Masonry
30:04 Fletching
30:24 Forging
30:15 Padded Archer Armor
30:15 Scale Mail Armor
30:21 Scale Barding Armor
30:36 Hand Cart
32:37 Conscription
33:33 Gold Shaft Mining
33:40 Husbandry
33:51 Bloodlines
34:07 Marauders
35:19 Atheism
36:23 Elite Tarkan
37:51 Leather Archer Armor
38:04 Chain Mail Armor
39:22 Parthian Tactics
38:19 Elite Skirmisher
39:06 Thumb Ring
39:48 Heavy Cavalry Archer
42:56 Two-Man Saw
43:39 Chemistry
44:06 Chain Barding Armor
43:44 Bodkin Arrow
44:46 Iron Casting
52:45 Plate Barding Armor
53:10 Blast Furnace
52:11 Bracer
Luciano24cm
5:53 Loom
9:10 Feudal Age
9:55 Double-Bit Axe
21:43 Castle Age
20:09 Horse Collar
20:22 Gold Mining
21:42 Stone Mining
23:08 Bow Saw
27:37 Fervor
33:48 Imperial Age
32:02 Stone Shaft Mining
31:22 Town Watch
31:44 Heavy Plow
33:21 Wheelbarrow
32:46 Town Patrol
35:55 Two-Man Saw
35:26 Crop Rotation
35:31 Coinage
34:48 Onager
35:37 Scale Barding Armor
35:43 Forging
36:09 Hand Cart
36:57 Chain Barding Armor
36:50 Fortified Wall
36:35 Murder Holes
38:08 Banking
37:39 Caravan
37:49 Guilds
38:35 Elite Leitis
40:22 Plate Barding Armor
40:22 Iron Casting
41:23 Fletching
41:33 Padded Archer Armor
42:04 Bloodlines
41:54 Husbandry
49:58 Conscription
50:14 Hoardings
52:14 Hill Forts
52:14 Tower Shields
52:31 Clinker Construction
52:31 Careening
52:32 Masonry
52:13 Guard Tower
53:24 Chemistry
Xx-Antrax-Xx44
0:35 Loom
12:17 Feudal Age
21:31 Castle Age
26:19 Squires
26:04 Arson
31:14 Gambesons
30:50 Eagle Warrior
30:51 Man-at-Arms
33:15 Long Swordsman
34:10 Forging
34:01 Scale Mail Armor
38:56 Imperial Age
40:01 Conscription
41:40 Eagle Warrior
43:12 Treadmill Crane
44:22 Iron Casting
44:03 Chain Mail Armor
43:52 Atlatl
46:24 Two-Handed Swordsman
48:19 Blast Furnace
47:50 Plate Mail Armor
VZousza
0:43 Loom
12:21 Feudal Age
13:42 Wheelbarrow
12:54 Town Watch
12:55 Double-Bit Axe
18:36 Horse Collar
27:31 Castle Age
26:54 Stone Mining
27:25 Fletching
28:12 Scale Barding Armor
28:05 Light Cavalry
28:57 Squires
30:03 Bodkin Arrow
30:43 Hand Cart
30:40 Bow Saw
34:12 Husbandry
35:04 Ballistics
36:53 Yeomen
38:00 Chain Barding Armor
38:51 Padded Archer Armor
40:05 Murder Holes
40:49 Caravan
43:08 Gold Mining
48:46 Imperial Age
46:51 Fortified Wall
47:45 Leather Archer Armor
48:30 Masonry
49:04 Gold Shaft Mining
50:17 Elite Longbowman
52:06 Two-Man Saw
51:11 Heavy Plow
51:50 Conscription
51:01 Pikeman
52:39 Halberdier
53:42 Bracer
54:58 Chemistry
55:12 Ring Archer Armor
Kanoツユ☂
0:44 Loom
19:34 Feudal Age
Blues
8:43 Loom
13:45 Feudal Age
16:18 Wheelbarrow
29:39 Castle Age
29:31 Forging
29:23 Scale Mail Armor
29:38 Horse Collar
29:47 Double-Bit Axe
30:59 Heavy Plow
31:17 Bow Saw
34:17 Iron Casting
36:27 Stone Mining
37:04 Chain Mail Armor
39:06 Hand Cart
47:17 Imperial Age
45:08 Gold Mining
Connection lost

Rejoining the realm…

Still unreachable

The connection could not be restored.

Session expired

The server has moved on; the page needs a fresh start.